 Dungeon Crawl Stone Soup version 0.22.0-38-g04b72b8 (webtiles) character file.

1253 Wendigo the Geomancer (level 8, -1/72 HPs)
             Began as a Gargoyle Earth Elementalist on Aug 12, 2018.
             Was an Initiate of Ashenzari.
             Slain by an unseen horror (4 damage)
             ... on level 6 of the Dungeon on Aug 31, 2018.
             The game lasted 00:17:39 (6553 turns).

Wendigo the Geomancer (Gargoyle Earth Elementalist) Turns: 6553, Time: 00:17:40

Health: -1/72      AC: 10    Str: 16    XL:     8   Next: 51%
Magic:  14/14      EV: 11    Int: 19    God:    Ashenzari [......]
Gold:   324        SH:  3    Dex: 10    Spells: 6/15 levels left

rFire    . . .     SeeInvis .   z - +0 whip (elec)
rCold    + . .     Gourm    .   A - +0 buckler
rNeg     + + +     Faith    .   g - +0 leather armour {rN+}
rPois    ∞         Spirit   .   (no helmet)
rElec    +         Reflect  .   C - +0 cloak
rCorr    .         Harm     .   r - +0 pair of gloves (curse)
MR       .....                  (no boots)
Stlth    ..........             (no amulet)
HPRegen  0.22/turn              l - ring of positive energy (curse)
MPRegen  0.14/turn              u - ring of protection from cold

@: berserking (expiring), very quick
A: negative energy resistance 1, electricity resistance, unbreathing,
petrification resistance, rot immunity, AC +5
a: Curse Item, Renounce Religion


You were on level 6 of the Dungeon.
You worshipped Ashenzari.
Ashenzari was noncommittal.
You were hungry.

You visited 1 branch of the dungeon, and saw 6 of its levels.

You collected 324 gold pieces.

Inventory:

Hand Weapons
 o - a +0 long sword
 p - a +0 mace
 v - a +0 dagger of venom
 z - a +0 whip of electrocution (weapon)
Missiles
 b - 192 stones (quivered)
Armour
 c - a +1 robe
 g - a +0 leather armour of positive energy (worn)
 r - a cursed +0 pair of gloves (worn)
 A - a +0 buckler (worn)
 C - a +0 cloak (worn)
Jewellery
 l - a cursed ring of positive energy (left hand)
 u - a ring of protection from cold (right hand)
 y - an uncursed ring of resist corrosion
 E - an uncursed ring of protection from cold
Wands
 a - a wand of scattershot (7)
 f - a wand of random effects (29)
 B - a wand of polymorph (13)
Scrolls
 i - a scroll of noise {unknown}
 j - 3 scrolls of enchant armour
 k - 5 scrolls of identify
 s - a scroll of magic mapping {unknown}
 t - 2 scrolls of blinking {unknown}
 x - 2 scrolls of teleportation {unknown}
Potions
 e - a potion of might
 h - a potion of resistance
 m - 2 potions of agility
 n - 2 potions of curing
 q - a potion of brilliance
 w - 3 potions of mutation
 G - a potion of ambrosia {unknown}
Comestibles
 d - 12 rations
 D - 7 chunks of flesh


   Skills:
 + Level 4.3 Fighting
 + Level 3.3 Maces & Flails
 - Level 1.7 Dodging
 - Level 2.5 Stealth
 - Level 4.0 Spellcasting
 - Level 4.0 Conjurations
   Level 0.7 Transmutations
 + Level 8.1 Earth Magic


You had 6 spell levels left.
You knew the following spells:

 Your Spells              Type           Power        Failure   Level  Hunger
a - Sandblast             Erth           ####..       1%          1    None
b - Stone Arrow           Conj/Erth      ####..       7%          3    ###....
c - Lee's Rapid Deconstr  Erth           ####......   28%         5    ######.

Your spell library contained the following spells:

 Spells                   Type           Power        Failure   Level  Hunger
 Passwall                 Tmut/Erth      ###.....     7%          2    ##.....
 Petrify                  Tmut/Erth      ###.....     43%         4    ####...


Dungeon Overview and Level Annotations

Branches:
Dungeon (6/15)
 Temple: D:4-7

Altars:
Ashenzari
Makhleb
Okawaru
Qazlal


Innate Abilities, Weirdness & Mutations

You are resistant to torment.
Your stone body is resilient. (AC +5)
You are immune to poison.
You resist negative energy. (rN+)
You are resistant to electric shocks. (rElec)
You can survive without breathing.
You are immune to petrification.
You are immune to rotting.


Message History

You miss the bullfrog. Something hits you.
* * * LOW HITPOINT WARNING * * *
You whack the bullfrog!
The bullfrog is moderately wounded.
Something hits you but does no damage.
The bullfrog hits you but does no damage.
You barely miss the bullfrog.
The bullfrog is moderately wounded.
The bullfrog hits you but does no damage.
Something hits you.
* * * LOW HITPOINT WARNING * * *
You closely miss the bullfrog.
The bullfrog is moderately wounded.
Something hits you but does no damage. The bullfrog completely misses you.
You whack the bullfrog! Lightning courses through the bullfrog!
You kill the bullfrog!
Your Earth Magic skill increases to level 8!
Something hits you but does no damage.
You miss something. Something hits you.
You die...

..# ##.## .# ..#
#...######.###
.###########....)....%..#
.##...##...##...........#
.......+...............!#
.......#.......$........#
###..###.#####.##.#######
###..###.#####..#'###..#
#....#..........@?.......
#....'.......÷...........
########.##.###...##.....
##...# ####.# #...# #####
(..... ... ....# ......
.........# ......
..........# ##..##
#....####..# # ..# #.?..#


There were no monsters in sight!

Vanquished Creatures
  Sigmund (D:2)
  An ice beast (D:5)
  A black bear (D:6)
  An ogre (D:5)
  A centaur (D:5)
  A bullfrog (D:6)
  A scorpion (D:5)
  A centaur zombie (D:5)
  2 crimson imps (D:3)
  A jelly (D:6)
  3 orc wizards
  Crazy Yiuf (D:5)
  A bullfrog skeleton (D:4)
  A hound (D:4)
  Ijyb (D:3)
  An iguana (D:4)
  A worker ant (D:4)
  3 gnolls (D:4)
  7 adders
  3 oozes
  3 worms
  10 dart slugs (D:3)
  4 leopard geckos
  21 orcs
  2 ball pythons
  4 giant cockroaches
  4 goblins
  9 hobgoblins
  4 jackals
  12 kobolds
  7 bats
  5 frilled lizards
  3 leopard gecko zombies
  A quokka skeleton (D:5)
  13 rats
135 creatures vanquished.

Notes
Turn   | Place    | Note
-------+----------+-------------------------------------------
     0 | D:1      | Wendigo the Gargoyle Earth Elementalist began the quest for the Orb.
     0 | D:1      | Reached XP level 1. HP: 10/10 MP: 3/3
     0 | D:1      | Upgraded the game from 0.22.0-1-g6561e4c to 0.22.0-27-ga576289
   102 | D:1      | Reached XP level 2. HP: 7/15 MP: 0/5
   251 | D:1      | Upgraded the game from 0.22.0-27-ga576289 to 0.22.0-38-g04b72b8
   418 | D:1      | Reached skill level 4 in Earth Magic
   630 | D:1      | Reached XP level 3. HP: 19/19 MP: 2/6
  1477 | D:2      | Reached XP level 4. HP: 20/24 MP: 6/8
  1889 | D:2      | Learned a level 3 spell: Stone Arrow
  2084 | D:2      | Noticed Sigmund
  2110 | D:2      | Found a stormy altar of Qazlal.
  2144 | D:2      | Killed Sigmund
  2144 | D:2      | Reached skill level 5 in Earth Magic
  2144 | D:2      | Reached XP level 5. HP: 13/28 MP: 4/10
  2144 | D:2      | Reached XP level 6. HP: 15/32 MP: 4/11
  2151 | D:2      | Learned a level 5 spell: Lee's Rapid Deconstruction
  2457 | D:3      | Noticed Ijyb
  2464 | D:3      | Killed Ijyb
  2627 | D:3      | Reached skill level 6 in Earth Magic
  3662 | D:4      | Reached XP level 7. HP: 31/37 MP: 13/13
  3726 | D:4      | Found an iron altar of Okawaru.
  3811 | D:4      | Found a stormy altar of Qazlal.
  3907 | D:4      | Reached skill level 1 in Fighting
  4020 | D:4      | Found a shattered altar of Ashenzari.
  4145 | D:4      | Became a worshipper of Ashenzari the Shackled
  4913 | D:5      | Entered Level 5 of the Dungeon
  4914 | D:5      | Found a burning altar of Makhleb.
  4997 | D:5      | Reached skill level 1 in Maces & Flails
  4997 | D:5      | Reached skill level 7 in Earth Magic
  5260 | D:5      | Found a runed door.
  5264 | D:5      | Noticed Crazy Yiuf
  5272 | D:5      | Killed Crazy Yiuf
  5613 | D:5      | Reached XP level 8. HP: 26/46 MP: 10/14
  6550 | D:6      | HP: 3/72 [something (2)]
  6552 | D:6      | Reached skill level 8 in Earth Magic
  6553 | D:6      | Slain by an unseen horror

Skill      XL: |  1  2  3  4  5  6  7  8 |
---------------+-------------------------+-----
Earth Magic    | 4 5 6 7 8 |  8.1
Spellcasting   | 3 4 |  4.0
Conjurations   | 2 3 4 |  4.0
Fighting       | 3 4 |  4.3
Maces & Flails | 2 3 |  3.3
Dodging        | |  1.7
Stealth        | |  2.5
Transmutations | |  0.7

Action                   |  1- 3 |  4- 6 |  7- 9 || total
-------------------------+-------+-------+-------++-------
Melee: Unarmed           |    65 |       |       ||    65
       Short sword       |     4 |    78 |       ||    82
       Dagger            |       |    41 |    15 ||    56
       Long sword        |       |    30 |       ||    30
       Mace              |       |    27 |       ||    27
       Whip              |       |       |   140 ||   140
 Cast: Sandblast         |    35 |    32 |    27 ||    94
Invok: Curse Item        |       |       |     1 ||     1
  Use: Potion            |       |     6 |     1 ||     7
       Scroll            |       |     5 |     1 ||     6
 Stab: Sleeping          |     1 |     4 |     1 ||     6
  Eat: Chunk             |     2 |     7 |     9 ||    18
Armor: Robe              |    23 |    17 |       ||    40
       Leather armour    |       |    69 |    70 ||   139
Dodge: Dodged            |    67 |   141 |    53 ||   261
Block: Buckler           |       |       |    19 ||    19
       Rpst.: Long sword |       |     8 |       ||     8
